[Event "*** Biggest EVER Titled Tuesday"]
[Site "Chess.com"]
[Date "2018.04.17"]
[Round "4"]
[White "MFBerna"]
[Black "Rokis13"]
[Result "0-1"]
[WhiteElo "2331"]
[BlackElo "2417"]
[TimeControl "180+2"]
[EndTime "13:55:13 PDT"]
[Termination "Rokis13 won by resignation"]

1. d4 Nf6 2. Nf3 d6 3. Bf4 Bg4 4. e3 Nbd7 5. Be2 c6 6. h3 Bh5 7. c4 h6 8. Nc3 g5 9. Bh2 Bg7 10.
Qc2 a6 11. a4 O-O 12. a5 Bxf3 13. Bxf3 e5 14. dxe5 dxe5 15. O-O Qe7 16. Rfd1 Rfd8 17. Qf5 Ne8 18. Bg4 Nc5 19. b4 Nb3 20. Rab1 Nd2 21. Rxd2 Rxd2 22. Ne4 Rdd8 23. c5 Nf6 24. Nd6 Nxg4 25.
hxg4 Rxd6 26. cxd6 Qxd6 27. Bg3 Re8 28. Kh2 Qd5 29.
e4 Qd4 30. Rb3 Qc4 31. Rf3 Qe6 32. Rd3 Qxf5 33. gxf5 Bf8 34. Rd7 Bxb4 35. Rxb7 Bxa5 36. Ra7 Bc3 37. Rxa6 Rc8 38. Ra4 Bd4 39. Rc4 Kg7 40. Kh3 h5 41. f3 c5 42. Be1 Ra8 43. Bc3 Ra1 44. Bxd4 cxd4 45. Rc2 Rd1 46. Kg3 Kf6 47. Rc6+ Ke7 48. Rc5 f6 49. Rd5 Ra1 50. Kf2 Ra2+ 51.
Kg3 Ra6 52. Kf2 Rd6 53. Ra5 Rb6 54. Rd5 Rd6 55. Rb5 Rd7 56. Ke2 Ra7 57. Rd5 Ra2+ 58.
Kf1 g4 59. fxg4 hxg4 60. g3 Ra3 61. Kf2 Rf3+ 62. Kg2 Re3 63. Ra5 Rxe4 64. Ra7+ Kf8 65.
Ra8+ Kg7 66. Ra7+ Kh6 67. Rf7 Kg5 68. Rh7 Kxf5 69. Rh5+ Ke6 70. Rh8 Re2+ 71. Kf1 Ra2 72. Rd8 Kf5 73. Rf8 Rb2 74. Re8 Ke4 75. Rb8 Rxb8 0-1

[Event "*** Biggest EVER Titled Tuesday"]
[Site "Chess.com"]
[Date "2018.04.17"]
[Round "4"]
[White "nurmiTV"]
[Black "Rakhmanov_Aleksandr"]
[Result "0-1"]
[WhiteElo "2457"]
[BlackElo "2641"]
[TimeControl "180+2"]
[EndTime "13:55:15 PDT"]
[Termination "Rakhmanov_Aleksandr won by resignation"]

1. c4 Nf6 2. Nc3 g6 3. g3 Bg7 4. Bg2 O-O 5. Nf3 c6 6. O-O d6 7.
Rb1 e5 8. d3 Re8 9. b4 h6 10. b5 d5 11. Nd2 d4 12. Nce4 Nxe4 13. Nxe4 f5 14. Nd2 c5 15. a4 Nd7 16. Nb3 a5 17. e3 Ra7 18. exd4 exd4 19. Re1 b6 20. Rb2 Ne5 21. Rbe2 Rae7 22. h3 Kh7 23. f4 Nd7 24.
Bc6 Bf6 25. Nd2 Kg7 26. Nf3 Rxe2 27. Rxe2 Rxe2 28. Qxe2 Qe7 29. Kf2 Qxe2+ 30. Kxe2 Bd8 31. Bd2 Bc7 32. Be1 Nf8 33. Bd2 Ne6 34. Kf2 Kf6 35. Bd5 Nf8 36. Ne5 g5 37. Nc6 Ng6 38. Kf3 Bd7 39. Bc1 Be8 40. Bd2 Nf8 41. g4 Ng6 42.
fxg5+ hxg5 43. gxf5 Kxf5 44. Be4+ Kf6 45. Kg4 Bf4 46.
Bxf4 Nxf4 47. h4 Bh5+ 48. Kg3 Ne2+ 49. Kh3 g4+ 50. Kg2 Nc3 51. Kg3 Nxa4 52. Nb8 Ke7 53. Nc6+ Kd6 54. Bf5 Nb2 55. Bxg4 Bg6 56. h5 Bxd3 57. Nd8 a4 58. Nf7+ Ke7 59. Ne5 Bh7 60.
Nf3 Nxc4 61. Ng5 a3 62. Nxh7 a2 63. Ng5 a1=Q 64. h6 Qg1+ 65. Kh4 Ne5 66. Bf5 Nf7 67. Nxf7 Kxf7 0-1

[Event "*** Biggest EVER Titled Tuesday"]
[Site "Chess.com"]
[Date "2018.04.17"]
[Round "4"]
[White "Marcin"]
[Black "Cryptochess"]
[Result "1/2-1/2"]
[WhiteElo "2283"]
[BlackElo "2405"]
[TimeControl "180+2"]
[EndTime "13:55:20 PDT"]
[Termination "Game drawn by agreement"]

1. d4 Nf6 2. c4 e6 3. g3 Bb4+ 4. Bd2 Qe7 5. Bg2 Nc6 6. Nf3 Bxd2+ 7. Nbxd2 O-O 8. O-O d6 9. e4 e5 10. d5 Nb8 11. b4 a5 12. a3 Na6 13. Rb1 Bd7 14. Qc2 c6 15. dxc6 bxc6 16. Ne1 axb4 17. axb4 d5 18.
cxd5 Nxb4 19. Qc4 Rfb8 20. Nd3 Nxd3 21. Qxd3 Rd8 22. Rb7 Qc5 23. Qc4 Qxc4 24. Nxc4 Bc8 25. Rb6 cxd5 26. exd5 Ba6 27. Rc6 Nxd5 28. Rd1 Nb4 29.
Rcd6 Rxd6 30. Nxd6 Rd8 31. h4 g6 32. g4 Be2 33. Rb1 Rxd6 34. Rxb4 Rd4 35. Rb8+ Kg7 36. f3 Rd2 37. Re8 f6 38. Re7+ Kg8 39. g5 fxg5 40.
hxg5 Rd5 41. f4 Ra5 42. fxe5 Bg4 43. Kh2 Kf8 44. Rxh7 Rxe5 45. Kg3 Be6 46. Ra7 Rxg5+ 47. Kf2 Rf5+ 48. Ke3 Bf7 49. Be4 Rf6 50. Ra8+ Kg7 51.
Ra7 Kh6 52. Ra5 Be6 53. Ra6 Kg5 54. Kd4 Bf5 55. Rxf6 Kxf6 56. Bf3 Kg5 57. Ke3 Kh4 58.
Kf2 Bb1 59. Kg1 Kg3 60. Bd5 g5 61. Bc6 Bd3 62. Bd5 Be2 63. Bc6 Bf3 64. Bb5 Kf4 65.
Ba6 g4 66. Bb5 g3 67. Ba6 Ke3 68. Bb5 Kd4 69. Ba6 Kc5 70. Bd3 Kd6 71. Ba6 Bc6 72. Bc4 Be4 73. Ba6 Kc6 74. Bc4 Kc5 75. Ba6 Kd4 76. Bb5 Kc5 77. Ba6 Kb6 78. Bc4 Bf3 79.
Bd3 Bd5 80. Be2 Be4 81. Bf1 Kc5 82. Ba6 Kb4 83. Bc8 Kc3 84. Bd7 1/2-1/2

[Event "*** Biggest EVER Titled Tuesday"]
[Site "Chess.com"]
[Date "2018.04.17"]
[Round "4"]
[White "Princec7"]
[Black "hblanco"]
[Result "1-0"]
[WhiteElo "2388"]
[BlackElo "2319"]
[TimeControl "180+2"]
[EndTime "13:55:23 PDT"]
[Termination "Princec7 won on time"]

1. e4 c5 2. Nf3 g6 3. d4 cxd4 4.
Qxd4 Nf6 5. Nc3 Nc6 6. Qa4 d6 7. e5 dxe5 8. Nxe5 Bd7 9. Nxd7 Qxd7 10. Be2 Bg7 11. O-O a6 12. Be3 Qc7 13. Nb5 Qe5 14. Nd4 Qc7 15. Nxc6 Qxc6 16. Qxc6+ bxc6 17. Bd4 O-O 18.
Rad1 Nd5 19. Bxg7 Kxg7 20. Bf3 Rab8 21. b3 Nb4 22. Rd2 Rfd8 23. Rfd1 Rxd2 24. Rxd2 Nxa2 25.
Bxc6 Nb4 26. Ba4 Rc8 27. c4 Rc5 28. f3 Kf6 29. Kf2 Re5 30. Rd8 h5 31. h4 a5 32. Ra8 Rc5 33. Rb8 Re5 34. Rb6+ Kg7 35.
Rb5 Rxb5 36. Bxb5 Kf6 37. Ke3 Ke6 38. c5 f6 39. Bc4+ Kd7 40. Kd4 g5 41. Bf7 gxh4 42. Bxh5 Nc2+ 43. Kc3 Ne1 44. Bg4+ Kc7 45. Kc4 Nxg2 46.
Kb5 Ne3 47. Bh3 Nd1 48. Kxa5 Nf2 49. Bf1 h3 50. b4 h2 51. Bg2 h1=Q 52. Bxh1 Nxh1 53. b5 Nf2 54. Ka6 Nd3 55. b6+ Kb8 56.
c6 Nb4+ 57. Kb5 Nxc6 58. Kxc6 1-0

[Event "*** Biggest EVER Titled Tuesday"]
[Site "Chess.com"]
[Date "2018.04.17"]
[Round "4"]
[White "BillieKimbah"]
[Black "sergiochess83"]
[Result "0-1"]
[WhiteElo "2761"]
[BlackElo "2790"]
[TimeControl "180+2"]
[EndTime "13:55:33 PDT"]
[Termination "sergiochess83 won by resignation"]

1. d4 Nf6 2. c4 e6 3. Nf3 d5 4.
Nc3 c5 5. cxd5 Nxd5 6. e4 Nxc3 7.
bxc3 cxd4 8. cxd4 Bb4+ 9. Bd2 Bxd2+ 10. Qxd2 O-O 11. Bc4 Nd7 12. O-O b6 13. d5 Nc5 14.
Rad1 Bb7 15. Rfe1 exd5 16. exd5 Qd6 17. Nd4 Rad8 18. Nf5 Qf6 19. Qf4 Kh8 20. g3 g6 21.
Ne7 Qxf4 22. gxf4 Rd6 23. Re5 Kg7 24. Rde1 a6 25. f5 b5 26. Bf1 Rfd8 27. h4 Nd7 28. R5e3 Nf6 29. Rd1 R8d7 30. Bg2 Kf8 31. Rde1 Bxd5 32.
Nxd5 Nxd5 33. Rf3 Kg7 34. fxg6 hxg6 35. h5 gxh5 36. Re5 Ne7 37. Rxh5 Ng6 38. Rg5 Rd3 39.
Rff5 Ra3 40. Bd5 Rd3 41. Bb3 Re7 42. Kh2 Rd4 43. Rg3 Rh4+ 44. Kg2 Rd4 45. Kh2 Rd2 46. Kg2 Rd6 47. Kh2 Rf6 48. Rxf6 Kxf6 49.
Rf3+ Kg7 50. Kg3 Ne5 51. Rc3 Ng6 52. f4 Rd7 53. f5 Ne7 54. Rc5 Kf6 55. Kf4 Rd4+ 56.
Ke3 Rb4 57. Bc2 Rc4 58. Rxc4 bxc4 59. Kf4 Nd5+ 60. Ke4 Nb4 61. Ba4 c3 62. Ke3 Kxf5 63.
a3 Nd5+ 64. Kd4 Ke6 65. Bb3 Kd6 66. Kd3 Kc5 67. Bd1 a5 68. Bh5 Nf4+ 0-1

[Event "*** Biggest EVER Titled Tuesday"]
[Site "Chess.com"]
[Date "2018.04.17"]
[Round "4"]
[White "pKiLz5Rn9b"]
[Black "jcibarra"]
[Result "1-0"]
[WhiteElo "2625"]
[BlackElo "2609"]
[TimeControl "180+2"]
[EndTime "13:55:36 PDT"]
[Termination "pKiLz5Rn9b won by resignation"]

1. b3 Nf6 2. Bb2 g6 3. Nf3 Bg7 4. g3 c5 5. c4 d6 6. d4 Qa5+ 7.
Qd2 Nc6 8. Qxa5 Nxa5 9. Bg2 Ne4 10. Nc3 Nxc3 11. Bxc3 Nc6 12. O-O-O Bg4 13. e3 O-O-O 14. h3 Bf5 15. Kb2 Be4 16. d5 Bxc3+ 17. Kxc3 Nb8 18. Rhg1 Bxf3 19. Bxf3 Nd7 20. e4 h5 21. h4 Rdf8 22.
Bg2 Kc7 23. f4 a6 24. Bh3 b5 25. Rde1 bxc4 26. bxc4 Rb8 27. e5 Nb6 28. Rb1 Na4+ 29. Kc2 Rb4 30. Rxb4 cxb4 31. Kb3 Nc5+ 32. Kxb4 Ne4 33.
Kb3 Rb8+ 34. Kc2 Rb4 35. Re1 Nc5 36. Bf1 Ra4 37. Kb2 Rb4+ 38. Kc2 Ra4 39. Kb2 Rb4+ 40. Kc3 a5 41. f5 gxf5 42. Re3 Ne4+ 43. Kd4 Rb2 44. Bd3 Rd2 45. Rf3 e6 46. Ke3 Rxa2 47. Bxe4 fxe4 48. Rxf7+ Kb6 49. dxe6 Rg2 50. e7 Rxg3+ 51.
Kxe4 Rg4+ 52. Rf4 Rg8 53. Rf8 Rg4+ 54. Kf5 Rxc4 55. e8=Q dxe5 56. Qb8+ Kc5 57. Rc8+ Kd4 58. Qxe5+ Kd3 59. Rxc4 Kxc4 60. Qxa5 Kd3 61. Qe5 Kc4 62. Kg5 Kd3 63. Kxh5 1-0

[Event "*** Biggest EVER Titled Tuesday"]
[Site "Chess.com"]
[Date "2018.04.17"]
[Round "4"]
[White "FairChess_on_YouTube"]
[Black "ZapataCharlesS"]
[Result "1/2-1/2"]
[WhiteElo "2891"]
[BlackElo "2689"]
[TimeControl "180+2"]
[EndTime "13:55:39 PDT"]
[Termination "Game drawn by repetition"]

1. d4 d5 2. c4 e6 3. Nc3 c6 4. Nf3 f5 5. Bf4 Nf6 6. e3 Bd6 7. Bd3 O-O 8. O-O Ne4 9. Rc1 Bxf4 10. exf4 Bd7 11. Ne5 Be8 12. f3 Nxc3 13. Rxc3 Nd7 14. Re1 Nxe5 15. Rxe5 Bf7 16. c5 g6 17. Qd2 Qc7 18. g3 b5 19. Rc1 a5 20.
Kf2 a4 21. Ke3 Rfe8 22. Rg1 Kf8 23. g4 Qd8 24. Qf2 Ra7 25. h4 Qf6 26. Qg3 a3 27. b3 b4 28. Rh1 Ree7 29. Kd2 Ke8 30. Kc2 Kd8 31. Rhe1 Kc8 32. R1e2 Kb8 33. Qe1 Rab7 34.
gxf5 gxf5 35. Bxf5 Ka7 36. Bxh7 Qxf4 37. Qd2 Qxh4 38.
Rh2 Qf6 39. f4 Bg6+ 40. Bxg6 Qxg6+ 41. f5 Qg1 42. Rhe2 Rh7 43. Re1 Qg4 44. fxe6 Rhe7 45. Kb1 Rb8 46. Ka1 Rbb7 47. Kb1 Rb8 48. Kc1 Rbb7 49.
R5e3 Rb8 50. R3e2 Rbb7 51. Re5 Rb8 52. Qg5 Qxg5+ 53. Rxg5 Rbe8 54. Rg6 Kb7 55. Kd2 Rf8 56. Re2 Kc7 57. Rg5 Rf4 58. Kd3 Rf3+ 59. Kd2 Rf6 60.
Rge5 Rf3 61. R5e3 Rf6 62. Kd3 Rf1 63. Rh2 Rf6 64. Rhe2 Rf1 65. Re5 Rf3+ 66. R2e3 Rf2 67. Re2 Rf3+ 68. R5e3 Rf6 69. Kd2 Rf1 70. Re5 Rf3 71.
R2e3 Rf2+ 72. Re2 Rf3 73. Ke1 Rf4 74. Rd2 Rf6 75. Rde2 Rf4 76. Rd2 Rf6 77. Rde2 Rf4 1/2-1/2

[Event "*** Biggest EVER Titled Tuesday"]
[Site "Chess.com"]
[Date "2018.04.17"]
[Round "4"]
[White "Blitzstream"]
[Black "DrRiebert"]
[Result "1-0"]
[WhiteElo "2460"]
[BlackElo "2572"]
[TimeControl "180+2"]
[EndTime "13:55:43 PDT"]
[Termination "Blitzstream won by resignation"]

1. d4 d5 2. Nf3 Nf6 3. e3 c6 4. c4 a6 5. b3 b5 6. Be2 Bf5 7. O-O Nbd7 8. a4 dxc4 9. bxc4 b4 10. a5 e6 11. c5 Nd5 12. Qa4 Bxb1 13. Rxb1 Nc3 14.
Qxb4 Nxe2+ 15. Kh1 Nxc1 16. Rfxc1 Rb8 17. Qa4 Rb5 18.
Nd2 Be7 19. Nc4 O-O 20. Ra1 Qc7 21. f4 Rfb8 22. h3 Nf6 23. Qd1 Bd8 24. Nd6 Rxa5 25.
Rab1 Nd7 26. Rxb8 Nxb8 27. Rb1 Rb5 28. Nxb5 cxb5 29. Qf3 Qc6 30. e4 Nd7 31. Rc1 Nf6 32.
Re1 b4 33. f5 exf5 34. Qxf5 Kf8 35. e5 Ne8 36. Qxh7 b3 37. Qh8+ Ke7 38. Qh4+ Kd7 39. Qg3 Qd5 40. Rb1 Qxd4 41. Qxb3 Qxc5 42. Qxf7+ Be7 43. Rb7+ Nc7 44. Qf5+ Kc6 45. Qf3+ Kd7 46. Qg4+ Kc6 47. Qe4+ Kd7 48. e6+ Kc8 49. Rb1 Bd6 50.
e7 Bxe7 51. Qb7+ Kd7 52. Rd1+ Bd6 53. Qf3 Qe5 54. g3 Kc8 55. Kg2 Qb2+ 56. Qf2 Qxf2+ 57. Kxf2 Kd7 58. Kf3 Kc6 59. g4 Nd5 60. Rc1+ Bc5 61. Ke4 Kd6 62. Rd1 a5 63. Rxd5+ Kc6 64. Rd2 a4 65.
Kd3 a3 66. Kc4 Kb6 67. Kb3 Kc6 68. h4 Be7 69. g5 Kc5 70. Rd7 Bf6 71. gxf6 gxf6 72.
h5 1-0

[Event "*** Biggest EVER Titled Tuesday"]
[Site "Chess.com"]
[Date "2018.04.17"]
[Round "4"]
[White "severomorskij"]
[Black "GMBenjaminBok"]
[Result "1-0"]
[WhiteElo "2670"]
[BlackElo "2585"]
[TimeControl "180+2"]
[EndTime "13:55:44 PDT"]
[Termination "severomorskij won by resignation"]

1. d4 d5 2. c4 e6 3. Nc3 c6 4.
Nf3 Nf6 5. Qb3 dxc4 6. Qxc4 b5 7. Qd3 a6 8. e4 c5 9. dxc5 Bxc5 10. Qxd8+ Kxd8 11. e5 Ng4 12. Ne4 Bb4+ 13. Bd2 Bxd2+ 14. Kxd2 Nd7 15.
Rc1 Ngxe5 16. Nxe5 Nxe5 17. Be2 Ra7 18. Ke3 Ke7 19. Rc2 Bd7 20. Rhc1 Rha8 21. f4 Ng6 22. g3 Nf8 23. Bf3 Rb8 24. Rc7 Rbb7 25. R7c2 b4 26.
Nc5 Rb6 27. Nd3 a5 28. Rc7 Rxc7 29. Rxc7 f6 30. Ra7 a4 31. Nc5 a3 32. bxa3 bxa3 33.
Rxa3 Kd6 34. Rc3 Rb2 35. a4 Rxh2 36. Be2 Rg2 37. Ne4+ Ke7 38. Kf3 Rg1 39. Ra3 Bc6 40. Bb5 Bd5 41. Kf2 Rb1 42. Nc3 Rb2+ 43. Ke3 Ba8 44. a5 Rg2 45. Ne2 h5 46. Rc3 Kd6 47. Rc8 Ng6 48. Rxa8 h4 49. gxh4 Nxh4 50. Rc8 Nf5+ 51.
Kd3 Rh2 52. a6 Rh3+ 53. Kc2 Ra3 54. Bd3 Ne3+ 55. Kb2 Ra5 56. Kb3 Nd5 57. Nc3 Nc7 58.
Kb4 Ra1 59. Nb5+ Nxb5 60. Bxb5 e5 61. Rc6+ Kd5 62. Rc5+ Kd4 63. Rc4+ Kd5 64. fxe5 fxe5 65. Rc7 e4 66. a7 Kd4 67. Bc6 e3 68. a8=Q Rxa8 69.
Bxa8 e2 70. Re7 Kd3 71. Bf3 1-0

[Event "*** Biggest EVER Titled Tuesday"]
[Site "Chess.com"]
[Date "2018.04.17"]
[Round "4"]
[White "maciek_92"]
[Black "Msb2"]
[Result "1/2-1/2"]
[WhiteElo "2579"]
[BlackElo "2713"]
[TimeControl "180+2"]
[EndTime "13:55:49 PDT"]
[Termination "Game drawn by repetition"]

1. c4 e6 2. d4 Nf6 3. Nc3 Bb4 4. e3 O-O 5. Bd3 d5 6. Nf3 b6 7. O-O Ba6 8. cxd5 exd5 9. Ne5 Bxd3 10. Qxd3 c5 11.
dxc5 bxc5 12. Rd1 Qe7 13. Nf3 Rd8 14. b3 Nbd7 15. Bb2 Nf8 16. Rac1 Ne6 17. Na4 Rab8 18. Qf5 Rb7 19. h3 Rbd7 20. a3 Ba5 21. Bxf6 gxf6 22.
Nxc5 Nxc5 23. b4 Qe4 24. Qg4+ Qxg4 25. hxg4 Bxb4 26. axb4 Ne6 27. Nd4 Rb7 28. Rb1 Kg7 29. f3 Kg6 30. Kf2 h5 31. gxh5+ Kxh5 32. g4+ Kg6 33. Kg3 Re8 34. Nf5 Rbb8 35. Rxd5 Ng7 36. Nh4+ Kh7 37. e4 Red8 38. Ra5 Rb7 39. Ng2 Rd2 40. Nf4 Ne6 41. Nd5 Kg6 42. Ra6 Kg7 43. b5 Rd3 44. Kf2 Ng5 45. Ne3 Nh3+ 46. Ke2 Nf4+ 47.
Kf2 Nh3+ 48. Kg3 Rxe3 49. Kxh3 Rxf3+ 50. Kg2 Rf4 51. Kg3 Rxe4 52. b6 axb6 53. Raxb6 Ra7 54.
R1b4 Ra3+ 55. Kf2 Re5 56. Rb3 Raa5 57. R6b4 Rad5 58. Kg3 Rg5 59. Rf3 Ra5 60. Rbf4 Rg6 61. Rf5 Ra4 62. R5f4 Ra1 63. Kf2 Rh1 64. g5 fxg5 65.
Rxf7+ Kh6 66. Rf8 Ra1 67. Rh8+ Kg7 68. Rff8 Rf6+ 69. Rxf6 Kxf6 70. Rb8 Kf5 71. Rb4 Kg6 72. Kg3 Kh5 73. Rc4 Ra3+ 74. Kg2 g4 75. Rc8 Ra2+ 76.
Kg3 Ra3+ 77. Kg2 Kh4 78. Rh8+ Kg5 79. Rg8+ Kh4 80. Rh8+ Kg5 81. Rg8+ Kh4 82. Rh8+ Kg5 1/2-1/2

[Event "*** Biggest EVER Titled Tuesday"]
[Site "Chess.com"]
[Date "2018.04.17"]
[Round "4"]
[White "Oleksandr_Bortnyk"]
[Black "jk13"]
[Result "1-0"]
[WhiteElo "2789"]
[BlackElo "2527"]
[TimeControl "180+2"]
[EndTime "13:55:59 PDT"]
[Termination "Oleksandr_Bortnyk won by resignation"]

1. e4 e5 2. Nf3 Nc6 3. Bb5 a6 4.
Ba4 Nf6 5. O-O b5 6. Bb3 Bc5 7.
d3 O-O 8. Qe2 h6 9. c3 Re8 10.
h3 d5 11. Rd1 Be6 12. Nbd2 Qd7 13. Nf1 Rad8 14. Be3 Bf8 15. Ng3 Qc8 16. Rac1 a5 17. Bc2 dxe4 18. dxe4 Bc4 19. Bd3 Bxd3 20.
Rxd3 Rxd3 21. Qxd3 Qb7 22. Nd2 Rd8 23. Qe2 a4 24.
Qf3 Rd6 25. Nf5 Re6 26. Qg3 Kh7 27. Qh4 Ne7 28. Re1 Ng6 29. Qg3 Nxe4 30. Qf3 Nd6 31. Qg4 Qd5 32. Nxd6 cxd6 33. b3 a3 34. c4 Qd3 35. cxb5 d5 36. Nf3 d4 37. Bc1 Qxb5 38. Qf5 Kg8 39. Nxd4 Qb4 40. Nc2 Qc3 41. Re2 Rf6 42. Qe4 Bc5 43. Be3 Rd6 44. Bxc5 Qxc5 45.
Ne3 Qc1+ 46. Kh2 Rd4 47. Qa8+ Kh7 48. Rc2 Qe1 49. Qxa3 Nf4 50. Qc1 Qa5 51. a4 Nd3 52. Qb1 e4 53. Rc4 Qe5+ 54. Kg1 Rd8 55. Qc2 f5 56.
Rc7 Ne1 57. Qc3 Qxc3 58. Rxc3 Rd2 59. Nxf5 Rb2 60. Nd4 Nd3 61. f3 Nf2 62. Re3 exf3 63. Rxf3 Nd1 64. a5 Rd2 65. Ne6 Ra2 66. b4 Nb2 67. Rf7 Kg6 68. Rf2 Ra1+ 69. Kh2 Nd3 70. Nf4+ Nxf4 71. Rxf4 Ra4 72. Rc4 Kh7 73. h4 h5 74. Kh3 g6 75. Rc7+ Kh6 76. Rb7 Ra3+ 77. g3 Ra1 78. Rb6 Ra3 79. a6 Ra4 80. b5 Ra3 81.
Rb8 g5 82. Rb6+ Kg7 83. hxg5 Ra4 84. Rb8 Kg6 85. b6 Rxa6 86. b7 1-0

[Event "*** Biggest EVER Titled Tuesday"]
[Site "Chess.com"]
[Date "2018.04.17"]
[Round "4"]
[White "SantoBlue"]
[Black "timator"]
[Result "1-0"]
[WhiteElo "2650"]
[BlackElo "2357"]
[TimeControl "180+2"]
[EndTime "13:56:09 PDT"]
[Termination "SantoBlue won by checkmate"]

1. e4 c5 2. Nf3 Nc6 3. Bb5 e6 4. O-O Nge7 5. Re1 a6 6. Bf1 Ng6 7. c3 Be7 8. d4 cxd4 9. cxd4 d5 10. e5 O-O 11. a3 b5 12. Bd3 Bb7 13. Nc3 Rc8 14.
Ne2 Na5 15. Nf4 Nc4 16. Nxg6 hxg6 17. b3 Na5 18. Bd2 Nc6 19. Be3 b4 20. a4 Na5 21.
Bd2 Qb6 22. h4 Rc7 23. g3 Nc6 24. Be3 Na5 25. Bd2 Nc6 26. Kg2 Nxd4 27. Nxd4 Qxd4 28. Be3 Qb2 29. Re2 d4+ 30. Kh3 Qc3 31. Rc2 dxe3 32. Rxc3 Rxc3 33. Bc4 Rd8 34. Qe1 Bc5 35. fxe3 Rxe3 36.
Qf2 Rxe5 37. Qf4 Rf5 38. Qc7 Rd2 39. Qxb7 Rff2 40. Rh1 Kh7 41. Qxa6 Bd4 42. Qb5 Bc3 43. a5 Rf5 44. Qb6 Bd4 45. Qc6 Rxa5 46. Qe4 Bc3 47. Rh2 Re5 48. Qf3 Rf5 49. Qg4 Rd4 50. Qe2 Rd6 51. Rf2 Re5 52. Qf1 f5 53. Re2 Rxe2 54. Qxe2 e5 55. Qf1 e4 56. h5 Rd2 57. Be6 gxh5 58.
Qxf5+ g6 59. Qxe4 Kh6 60. Qf4+ Kg7 61. Qf7+ Kh6 62. Qf8+ Bg7 63. Qxb4 Rd4 64. Qe1 Rd3 65.
b4 g5 66. b5 h4 67. Bf7 Rxg3+ 68. Kh2 Rf3 69. Qe6+ Rf6 70. Qd5 Rb6 71. Kh3 Bf8 72. Qd4 g4+ 73. Kxg4 Rxb5 74. Qh8# 1-0

[Event "*** Biggest EVER Titled Tuesday"]
[Site "Chess.com"]
[Date "2018.04.17"]
[Round "4"]
[White "schoolmeester"]
[Black "Tesla37"]
[Result "1/2-1/2"]
[WhiteElo "2676"]
[BlackElo "2588"]
[TimeControl "180+2"]
[EndTime "13:56:11 PDT"]
[Termination "Game drawn - insufficient material"]

1. e4 c5 2. Nf3 e6 3. d4 cxd4 4. Nxd4 Nc6 5. Nc3 a6 6. Nxc6 bxc6 7. Bd3 d5 8. Qe2 Nf6 9. O-O Be7 10. e5 Nd7 11.
Na4 Qc7 12. f4 c5 13. c4 d4 14. Be4 Rb8 15. b3 O-O 16. Bd2 g6 17. Rae1 Bb7 18.
Rf3 Rfc8 19. Rh3 Bxe4 20. Qxe4 Qc6 21. Qe2 Bf8 22. Rf1 Bg7 23. Nb2 Re8 24. Nd3 Ra8 25.
Ba5 Ra7 26. Rhf3 Bf8 27. g4 Bg7 28. h4 f6 29. h5 f5 30. gxf5 exf5 31. hxg6 hxg6 32.
Rg3 Nf8 33. Rf2 Kf7 34. Rfg2 Raa8 35. Kf2 Rac8 36. Ke1 Re6 37. Kd1 Qe4 38. Rg1 Nd7 39. Qg2 Qxg2 40. R1xg2 Rh8 41. Bd2 Bf8 42. Ne1 Be7 43.
Nd3 Rh1+ 44. Rg1 Rh2 45. R3g2 Rh8 46. Kc2 Nb8 47. a3 Rh3 48. b4 cxb4 49. axb4 Nd7 50. Rg3 Rh2 51. R1g2 Rh8 52. Kb2 Rc6 53. c5 Re6 54.
Kc2 a5 55. bxa5 Nxc5 56. Nxc5 Bxc5 57. Rb3 Rc6 58. Kd1 Be7 59. Ke2 Rc2 60. Kd3 Ra2 61.
Rb7 Rh3+ 62. Kc4 Ke8 63. Rxg6 Rxd2 64. Re6 Rh7 65. a6 Ra2 66. a7 Ra4+ 67. Kb5 Ra1 68. Ra6 Rb1+ 69. Kc4 Rc1+ 70. Kd5 Rc5+ 71. Ke6 Rh6+ 72.
Kxf5 Rxa6 73. Rb8+ Kf7 74. a8=Q Rxa8 75. Rxa8 Rd5 76.
Ke4 Rd7 77. f5 Kg7 78. f6+ Bxf6 79. exf6+ Kxf6 80. Ra5 d3 81. Ra1 d2 82. Rd1 Kg5 83. Ke3 Kg4 84. Rxd2 Rxd2 85. Kxd2 1/2-1/2

[Event "*** Biggest EVER Titled Tuesday"]
[Site "Chess.com"]
[Date "2018.04.17"]
[Round "4"]
[White "ENEASZ"]
[Black "martinique24"]
[Result "1/2-1/2"]
[WhiteElo "2462"]
[BlackElo "2320"]
[TimeControl "180+2"]
[EndTime "13:56:23 PDT"]
[Termination "Game drawn by agreement"]

1. e4 c5 2. c3 d5 3. exd5 Qxd5 4. d4 Nf6 5. Nf3 e6 6. Na3 Nc6 7. Nb5 Qd8 8. dxc5 Bxc5 9. Qxd8+ Kxd8 10. Be3 Bxe3 11.
fxe3 Ke7 12. Rd1 Bd7 13. h3 a6 14. Nbd4 Rhd8 15. Bc4 Rac8 16. Bb3 Na5 17. Rf1 Nxb3 18. axb3 Bc6 19. g4 Bxf3 20. Rxf3 Nd7 21. Ke2 Ne5 22.
Rf4 f6 23. Ra1 Nc6 24. Nxc6+ Rxc6 25. Rd4 Rcd6 26. b4 e5 27. Rxd6 Rxd6 28. e4 g6 29. Ke3 Rd8 30. Rf1 Rh8 31. Ra1 h5 32. Kd3 hxg4 33.
hxg4 Kd6 34. Kc4 Rh4 35. Rf1 Ke6 36. Rg1 b6 37. b5 a5 38. Rg2 Rh3 39. b4 axb4 40.
Kxb4 Re3 41. c4 Rxe4 42. Ra2 Rxg4 43. Ra6 e4 44. Rxb6+ Ke5 45. Kc5 e3 46. Rb8 Re4 47. b6 e2 48. Re8+ Kf4 49. Rxe4+ Kxe4 50. b7 e1=Q 51. b8=Q Qf2+ 52. Kc6 f5 53. c5 Qd4 54. Qd6 Qa4+ 55. Kc7 Qa7+ 56. Kd8 f4 57. c6 Qa8+ 58.
Ke7 f3 59. Qxg6+ Ke3 60. Qe6+ Kd2 61. Qd5+ Ke2 62. Qe4+ Kf2 63. Kd7 Kg3 64. Qg6+ Kh2 65. Qh5+ Kg3 66. Qg5+ Kh3 67. Qf5+ Kg3 68. Qg5+ Kh3 69.
Qf4 Kg2 70. Qg4+ Kf2 71. c7 Qd5+ 72. Ke7 Qe5+ 73. Kd8 Qd6+ 74. Qd7 Qxd7+ 75. Kxd7 Kg1 76. c8=Q f2 77. Qc5 Kg2 78. Qg5+ Kh2 79. Qh4+ Kg2 80. Qg4+ Kh2 81. Qf3 Kg1 82. Qg3+ Kh1 83. Qh3+ Kg1 84. Qg3+ Kh1 85. Qf3+ Kg1 86. Qe3 Kg2 87. Qe4+ Kg1 88.
Qe3 Kg2 89. Qe2 Kg1 90. Qg4+ Kh2 91. Qh4+ Kg1 92. Qg5+ Kh2 93. Qf4+ Kg2 94. Qg4+ Kh2 95. Qh5+ Kg2 96. Qd5+ Kh2 97. Qd3 Kg2 98. Qg6+ Kh2 99.
Qa6 Kg1 100. Qa7 Kg2 101. Qa8+ Kg1 102. Qg8+ Kh2 103. Qa2 Kg1 104. Qa7 Kg2 105. Qa8+ Kg1 1/2-1/2

[Event "*** Biggest EVER Titled Tuesday"]
[Site "Chess.com"]
[Date "2018.04.17"]
[Round "4"]
[White "kikydu96"]
[Black "fyall777"]
[Result "1/2-1/2"]
[WhiteElo "2350"]
[BlackElo "2361"]
[TimeControl "180+2"]
[EndTime "13:56:28 PDT"]
[Termination "Game drawn - timeout vs insufficient material"]

1. e4 e5 2. Nf3 Nc6 3. Bc4 Be7 4. d4 d6 5. Nc3 Nf6 6. h3 O-O 7. O-O Nxe4 8. Nxe4 d5 9. Bd3 dxe4 10.
Bxe4 Nxd4 11. Nxe5 c6 12. c3 Bf5 13. Qe1 Bxe4 14.
Qxe4 Ne6 15. Be3 Qa5 16. Rfe1 Rad8 17. Nxf7 Kxf7 18. Bb6 Qd5 19. Bxd8 Qxe4 20. Rxe4 Rxd8 21. Rae1 Rd6 22. f4 Bf6 23. g4 Nc5 24. R4e2 Nd3 25. Rd1 Nxf4 26. Rxd6 Nxe2+ 27. Kf2 Nf4 28. Rd7+ Ke6 29.
Rxb7 Nxh3+ 30. Kg3 Ng5 31. Rxa7 Ne4+ 32. Kf3 Nd2+ 33.
Ke2 Nc4 34. b3 Ne5 35. g5 Bxg5 36. Rxg7 h6 37. a4 Be7 38. Rh7 Nf7 39. a5 Kf6 40.
b4 Bd8 41. a6 Bb6 42. Kd3 Kg6 43. Rxh6+ Kxh6 44. c4 Ne5+ 45. Kc3 Kg6 46. c5 Ba7 47. b5 Bxc5 48. bxc6 Nxc6 49. Kc4 Ba7 50. Kd5 Nb4+ 51. Kd6 Nxa6 52. Kd5 Kf6 53. Kd6 Nb4 54. Kd7 Ke5 55. Kc7 Ke6 56. Kb7 Bc5 57. Kc7 Ke7 58. Kb7 Kd7 59. Kb8 Kc6 60. Ka8 Nd5 61. Kb8 Nc7 62. Kc8 Ba7 63. Kd8 Nd5 64. Ke8 Kd6 65. Kf7 Bd4 66.
Kg6 Ke6 67. Kg5 Ne3 68. Kf4 Kd5 69. Kf3 Ke5 70. Kg3 Ke4 71. Kf2 Ng4+ 72. Kg3 Kf5 73. Kf3 Bc5 74. Kg3 Ne5 75. Kh3 Kf4 76. Kg2 Kg4 77.
Kh2 Kf3 78. Kh1 Be3 79. Kh2 Bf4+ 80. Kh1 Ng4 81. Kg1 Nf2 82. Kf1 Bh2 83. Ke1 1/2-1/2

[Event "*** Biggest EVER Titled Tuesday"]
[Site "Chess.com"]
[Date "2018.04.17"]
[Round "4"]
[White "rezacz"]
[Black "ChainsOfFantasia"]
[Result "1-0"]
[WhiteElo "2437"]
[BlackElo "2396"]
[TimeControl "180+2"]
[EndTime "13:56:30 PDT"]
[Termination "rezacz won by resignation"]

1. e4 c6 2. d4 d5 3. Nc3 dxe4 4. Nxe4 Bf5 5. Ng3 Bg6 6. Nh3 Nf6 7. Nf4 Nbd7 8. h4 e5 9. dxe5 Qa5+ 10. c3 Qxe5+ 11. Qe2 Bc5 12. Nxg6 hxg6 13. Bf4 Qxe2+ 14. Bxe2 O-O-O 15.
Rd1 Rde8 16. Kf1 Ne5 17. h5 gxh5 18. Nxh5 Neg4 19. Ng3 Rxh1+ 20. Nxh1 Rh8 21. Bxg4+ Nxg4 22. Ke2 Re8+ 23. Kf3 Ne5+ 24. Bxe5 Rxe5 25. Ng3 Bb6 26. Rh1 g6 27. Rh7 Re7 28. Ne4 Kd7 29. Ng5 f6 30. Rxe7+ Kxe7 31. Ne4 Ke6 32. g4 Ke5 33. Nd2 Bd8 34.
Ke3 f5 35. Nf3+ Kd5 36. gxf5 gxf5 37. Kd3 Bb6 38. c4+ Ke6 39. Ke2 a6 40. b3 Bd8 41.
Ne1 Bg5 42. Nd3 b5 43. f3 a5 44. a4 bxc4 45. bxc4 Be7 46. Ke3 Bg5+ 47. Kd4 Be7 48. Nf4+ Kf6 49. Nd3 Ke6 50. Ke3 Bg5+ 51. Kd4 Kd6 52.
Kc3 Bf6+ 53. Kd2 Be5 54. Ke3 Bc3 55. Kf4 Ke6 56. Kg5 Bd4 57. Kg6 c5 58. Kg5 Be3+ 59.
Kg6 Bd4 60. Nf4+ Ke5 61. Nd3+ Ke6 62. f4 Be3 63. Kg5 Bd4 64. Ne1 Bc3 65. Nd3 Bd4 66. Nc1 Bc3 67. Ne2 Bd2 68. Ng3 Bc1 69. Nxf5 Bd2 70. Ng3 Bc1 71. Kg4 Kf6 72. Kf3 Ba3 73.
Ke4 Ke6 74. Nf5 Kf6 75. Ne3 Bc1 76. Nd5+ Ke6 77. Nc3 Bd2 78. Nd5 Be1 79. Ne3 Bc3 80. Ng4 Bd2 81. f5+ Kd6 82. Ne5 Bc3 83. Nf7+ Ke7 84.
Ng5 Bd4 85. Ne6 Bf2 86. Kd5 Kf7 87. Nxc5 Kf6 88. Ne4+ 1-0